 Dungeon Crawl Stone Soup version 0.22.1-1-ga44c0e56f4 (webtiles) character file.

491 Divine the Slasher (level 6, 0/56 HPs)
             Began as a Minotaur Chaos Knight on Oct 17, 2018.
             Killed by divine providence
             ... invoked by an orc priest
              (15 damage)
             ... on level 4 of the Dungeon.
             The game lasted 00:06:59 (3079 turns).

Divine the Slasher (Minotaur Chaos Knight)          Turns: 3079, Time: 00:07:00

Health: 0/56       AC:  6    Str: 16    XL:     6   Next: 91%
Magic:  5/5        EV: 12    Int:  9    God:    Xom [.....*]
Gold:   182        SH:  0    Dex: 10    Spells: 5/5 levels left

rFire    + + .     SeeInvis .   a - +0 falchion (chaos)
rCold    . . .     Gourm    .   (no shield)
rNeg     . . .     Faith    .   q - +1 leather armour {rF+}
rPois    .         Spirit   .   (helmet restricted)
rElec    .         Reflect  .   (no cloak)
rCorr    .         Harm     .   (no gloves)
MR       .....                  (no boots)
Stlth    +.........             (no amulet)
HPRegen  0.18/turn              l - ring of flight (curse)
MPRegen  0.09/turn              (no ring)

@: no status effects
A: retaliatory headbutt, horns 2, molten scales 1, clumsy 1, fire resistance 1,
subdued magic 1
a: Renounce Religion, Evoke Flight


You were on level 4 of the Dungeon.
You worshipped Xom.
You were Xom's teddy bear.
You were hungry.

You visited 1 branch of the dungeon, and saw 4 of its levels.

You collected 182 gold pieces.

Inventory:

Hand Weapons
 a - a +0 falchion of chaos (weapon)
Armour
 b - a +2 leather armour
 h - a +0 leather armour of magic resistance
 q - a +1 leather armour of fire resistance (worn)
Jewellery
 l - a cursed ring of flight (left hand)
Wands
 m - a wand of flame (4)
 n - a wand of polymorph (13)
Scrolls
 d - 2 scrolls of remove curse {unknown}
 e - 2 scrolls of teleportation {unknown}
 f - a scroll of enchant armour {unknown}
 i - 6 scrolls of identify {unknown}
 k - a scroll of random uselessness {unknown}
 p - a scroll of noise {unknown}
 s - a scroll of enchant weapon {unknown}
 u - a scroll of immolation {unknown}
Potions
 g - a potion of lignification {unknown}
 j - a potion of cancellation
 o - a potion of berserk rage {unknown}
 r - a potion of curing {unknown}
 t - a potion of brilliance {unknown}
Comestibles
 c - 7 rations


   Skills:
 + Level 5.2 Fighting
 + Level 6.5 Long Blades
 + Level 4.1 Armour
 + Level 3.5 Dodging
 + Level 1.3 Stealth


You had 5 spell levels left.
You didn't know any spells.
Your spell library was empty.

Dungeon Overview and Level Annotations

Branches:
Dungeon (4/15)             Temple (0/1) D:4

Altars:
Nemelex Xobeh
Qazlal
Xom

Annotations:
D:3 3 runed doors, iwhft's ghost, weakling DEAE


Innate Abilities, Weirdness & Mutations

You reflexively headbutt those who attack you in melee.
You have a pair of horns on your head.
You are partially covered in molten scales. (AC +2)
You are clumsy. (Dex -2)
Your flesh is heat resistant. (rF+)
Your spells are a little easier to cast, but a little less powerful.


Message History

The orc priest casts a cantrip, but nothing happens.
You hit the orc priest but do no damage.
You drain the orc priest!
The orc priest is lightly wounded.
The orc priest mumbles some strange prayers to Beogh against you.
Beogh smites you!
You barely miss the orc priest.
The orc priest is lightly wounded.
The orc priest mumbles some strange prayers to Beogh against you.
Beogh smites you!
* * * LOW HITPOINT WARNING * * *
You barely miss the orc priest.
The orc priest is lightly wounded.
The orc priest closely misses you.
You hit the orc priest but do no damage.
You headbutt the orc priest.
The orc priest is moderately wounded.
The orc priest mumbles some strange prayers to Beogh against you.
Beogh smites you!
You die...

#.# #.# #.#############
#.............#
####.###########.#
.....# #######'#######
####.# #....(!.......#
####.# #.............#
.....# #..[...@†.....#
####.# #.....o)......'
.# #.# #..........8>8#
.# #.# #.............#
.# .# #.............#
.###.#####.............#
........................
...............#..#.####
...#+##....


You could see an orc priest.

Vanquished Creatures
  Grinder (D:3)
  3 orc priests
  Ijyb (D:3)
  An orc wizard (D:4)
  Robin (D:3)
  4 adders
  An adder skeleton (D:4)
  3 dart slugs
  A leopard gecko (D:2)
  12 orcs
  8 bats
  7 giant cockroaches
  11 goblins
  11 hobgoblins
  2 quokkas
  3 ball pythons (D:3)
  12 frilled lizards (D:2)
  8 kobolds
  A leopard gecko skeleton (D:4)
  4 rats
95 creatures vanquished.

Vanquished Creatures (collateral kills)
  A kobold (D:2)
1 creature vanquished.

Grand Total: 96 creatures vanquished

Notes
Turn   | Place    | Note
-------+----------+-------------------------------------------
     0 | D:1      | Divine the Minotaur Chaos Knight began the quest for the
                  | Orb.
     0 | D:1      | Reached XP level 1. HP: 19/19 MP: 0/0
    86 | D:1      | XOM: potion effect (berserk rage)
    88 | D:1      | Reached skill level 4 in Long Blades
   133 | D:1      | Reached XP level 2. HP: 27/27 MP: 1/1
   722 | D:1      | XOM: noise
   790 | D:2      | XOM: scenery: 1 doors open
   809 | D:2      | Reached XP level 3. HP: 33/33 MP: 2/2
   954 | D:2      | XOM: scenery: create altars
   970 | D:2      | XOM: summons 3 friendly demons
  1215 | D:2      | Reached XP level 4. HP: 31/40 MP: 3/3
  1305 | D:2      | Found a sparkling altar of Nemelex Xobeh.
  1599 | D:2      | XOM: mild Chrm miscast
  1693 | D:3      | Found a runed gate.
  1693 | D:3      | Found a runed gate.
  1693 | D:3      | Found a runed gate.
  1694 | D:3      | Noticed iwhft's ghost (weakling DEAE)
  1710 | D:3      | Noticed a hungry ghost
  1796 | D:3      | Reached skill level 5 in Long Blades
  1834 | D:3      | XOM: give mutation
  1834 | D:3      | Gained mutation: Scrolls take you a little longer to read.
                  | [Xom's mischief]
  2110 | D:3      | Lost mutation: Scrolls take you a little longer to read.
                  | [potion of mutation]
  2110 | D:3      | Gained mutation: You tend to lose your temper in combat.
                  | [potion of mutation]
  2110 | D:3      | Gained mutation: You are partially covered in molten
                  | scales. (AC +2) [potion of mutation]
  2136 | D:3      | XOM: potion effect (brilliance)
  2139 | D:3      | Reached XP level 5. HP: 31/47 MP: 4/4
  2235 | D:3      | Noticed Robin
  2259 | D:3      | Killed Robin
  2295 | D:3      | Noticed Ijyb
  2310 | D:3      | Killed Ijyb
  2431 | D:3      | XOM: divination: detect items
  2516 | D:3      | XOM: 8-stop teleportation journey
  2562 | D:3      | Found a stormy altar of Qazlal.
  2643 | D:3      | Noticed Grinder
  2654 | D:3      | XOM: enchant monster (bad)
  2656 | D:3      | Killed Grinder
  2656 | D:3      | Reached skill level 5 in Fighting
  2656 | D:3      | Reached skill level 6 in Long Blades
  2656 | D:3      | Reached skill level 1 in Stealth
  2656 | D:3      | Reached XP level 6. HP: 22/56 MP: 5/5
  2663 | D:3      | XOM: summons 2 hostile shadow creatures
  2673 | D:3      | Lost mutation: You tend to lose your temper in combat.
                  | [potion of mutation]
  2673 | D:3      | Gained mutation: Your spells are a little easier to cast,
                  | but a little less powerful. [potion of mutation]
  2673 | D:3      | Gained mutation: You are clumsy. (Dex -2) [potion of
                  | mutation]
  2673 | D:3      | Gained mutation: Your flesh is heat resistant. (rF+)
                  | [potion of mutation]
  2826 | D:3      | XOM: divination: magic mapping
  2888 | D:3      | XOM: silly message
  3056 | D:4      | Found a staircase to the Ecumenical Temple.
  3079 | D:4      | Killed from afar by an orc priest

Skill      XL: |  1  2  3  4  5 |
---------------+----------------+-----
Long Blades    | 4 5 6 |  6.5
Fighting       | 4 5 |  5.2
Armour         | 3 4 |  4.1
Dodging        | 2 3 |  3.5
Stealth        | 1 |  1.3

Action                   |  1- 3 |  4- 6 || total
-------------------------+-------+-------++-------
Melee: Falchion          |    73 |   136 ||   209
       Headbutt          |     7 |    19 ||    26
  Use: Potion            |       |     5 ||     5
 Stab: Petrifying        |       |     1 ||     1
       Paralysed         |       |     2 ||     2
  Eat: Chunk             |       |     3 ||     3
       Ration            |       |     1 ||     1
Armor: Leather armour    |    27 |    33 ||    60
Dodge: Dodged            |    67 |    63 ||   130
       Rpst.: Falchion   |    14 |    11 ||    25
